 Dungeon Crawl Stone Soup version 0.29.0-10-g45618ea6d2 (webtiles) character file.

Game seed: 17053397378425316031

766 Zeldest the Ruffian (level 7, -6/69 (70) HPs)
             Began as a Troll Monk on Sept 1, 2022.
             Mangled by a wyvern (17 damage)
             ... on level 5 of the Dungeon.
             The game lasted 00:03:08 (2971 turns).

Zeldest the Ruffian (Troll Monk)                    Turns: 2971, Time: 00:03:09

HP:   -6/69 (70)    AC:  5    Str: 22    XL:     7   Next: 52%
MP:   6/6           EV: 10    Int:  6    God:
Gold: 384           SH:  0    Dex: 12    Spells: 6/6 levels left

rFire   . . .      SeeInvis .     - Unarmed
rCold   . . .      Faith    .   (no shield)
rNeg    . . .      Spirit   .   a - +0 robe
rPois   .          Reflect  .   (helmet restricted)
rElec   .          Harm     .   n - +0 cloak
rCorr   .          Rampage  .   (gloves unavailable)
Will    .....                   (boots unavailable)
Stlth   ++........              (no amulet)
HPRegen 1.01/turn               (no ring)
MPRegen 0.10/turn               (no ring)

@: lightly drained
A: large, unfitting armour, claws 3, regeneration 1, shaggy fur 1, tough skin 1
a: no special abilities


You were on level 5 of the Dungeon.
You visited 1 branch of the dungeon, and saw 5 of its levels.

You collected 384 gold pieces.

Inventory:

Missiles
 h - a throwing net
 m - 6 curare-tipped darts (quivered)
Armour
 a - a +0 robe (worn)
 n - a +0 cloak (worn)
Jewellery
 s - an amulet of regeneration
Wands
 q - a wand of polymorph (6)
Scrolls
 d - a scroll of enchant armour {unknown}
 g - 4 scrolls of identify {unknown}
 i - a scroll of teleportation {unknown}
 j - 3 scrolls of amnesia {unknown}
 k - 2 scrolls of noise {unknown}
 l - a scroll of summoning {unknown}
 p - a scroll of enchant weapon {unknown}
 t - a scroll of immolation {unknown}
Potions
 b - a potion of ambrosia
 c - 2 potions of mutation {unknown}
 e - 2 potions of heal wounds {unknown}
 f - 2 potions of flight {unknown}
 o - a potion of curing {unknown}
 r - 2 potions of invisibility {unknown}
 u - a potion of berserk rage {unknown}


   Skills:
 + Level 4.2 Fighting
 + Level 3.5 Throwing
 - Level 2.4 Dodging
 - Level 1.0 Stealth
 * Level 6.7 Unarmed Combat


You had 6 spell levels left.
You didn't know any spells.
Your spell library contained the following spells:

 Spells                   Type           Power      Damage    Failure   Level
 Ensorcelled Hibernation  Hex/Ice        0%         N/A       58%         2
 Passwall                 Tmut/Erth      0%         N/A       58%         2
 Ozocubu's Armour         Ice            0%         N/A       83%         3
 Swiftness                Air            0%         N/A       83%         3
 Metabolic Englaciation   Hex/Ice        0%         N/A       100%        5
 Simulacrum               Ice/Necr       0%         N/A       100%        6


Dungeon Overview and Level Annotations

Branches:
Dungeon (5/15)
 Temple: D:4-7

Altars:
Ashenzari
Cheibriados
Fedhas
Okawaru
Sif Muna


Innate Abilities, Weirdness & Mutations

You are too large for most types of armour.
You have claws for hands.
Your natural rate of healing is unusually fast.
You are covered in fur. (AC +1)
You have tough skin. (AC +1)


Message History

Edmund is almost dead.
Edmund hits you with a +6 dire flail of draining!
You feel drained.
You claw Edmund!
You kill Edmund!
You start resting.
HP restored.
Found 5 stones.
A wyvern comes into view.
The wyvern hisses angrily.
A wyvern is nearby!
You scratch the wyvern.
The wyvern is lightly wounded.
The wyvern bites you!
A wyvern is nearby!
You scratch the wyvern.
The wyvern is moderately wounded.
The wyvern bites you! The wyvern barely misses you.
A wyvern is nearby!
You are too injured to fight recklessly!
You are too injured to fight recklessly!
You are too injured to fight recklessly!
You are too injured to fight recklessly!
You are too injured to fight recklessly!
You claw the wyvern!
The wyvern is almost dead.
The wyvern bites you.
You closely miss the wyvern.
The wyvern is almost dead.
The wyvern bites you!
You completely miss the wyvern.
The wyvern is almost dead.
The wyvern bites you!
* * * LOW HITPOINT WARNING * * *
The wyvern bites you!
* * * LOW HITPOINT WARNING * * *
You scratch the wyvern but do no damage.
The wyvern is almost dead.
The wyvern bites you!
You die...

....#####.#######.##
##..#####.# #...#
..........# #...#
##..#.....# #...#
#..#.....# ###.#
....#.....# #####.#
.##.#.....# #...#.#
. #.#.....# #.#...#
..####.## #..@###
### #.# ##l## ##.#
#. ##..# #.
#.###...## #.
##........# #.
.########.# #. .#
#.#####. .# #....#


You could see a wyvern.

Vanquished Creatures
  Edmund (D:5)
  2 scorpions (D:5)
  A howler monkey (D:5)
  2 hounds
  An orc priest (D:4)
  A jelly (D:4)
  Crazy Yiuf (D:3)
  Jessica (D:2)
  Natasha (thrice) (D:3)
  3 orc wizards
  3 gnolls (D:3)
  5 adders
  2 shadow imps (D:5)
  3 worms
  2 dart slugs (D:3)
  9 orcs
  8 endoplasms
  5 giant cockroaches
  7 goblins
  6 hobgoblins
  A jackal (D:4)
  5 kobolds
  2 quokkas
  7 ball pythons
  3 bats
  4 frilled lizards
  5 rats
93 creatures vanquished.

Vanquished Creatures (others)
  6 fungi (D:2)
  5 toadstools (D:2)
11 creatures vanquished.

Grand Total: 104 creatures vanquished

Notes
Turn   | Place    | Note
-------+----------+-------------------------------------------
     0 | D:1      | Zeldest the Troll Monk began the quest for the Orb.
     0 | D:1      | Reached XP level 1. HP: 22/22 MP: 0/0
   171 | D:1      | Reached XP level 2. HP: 28/29 MP: 1/1
   421 | D:1      | Found a faded altar of an unknown god.
   633 | D:2      | Reached skill level 1 in Throwing
   699 | D:2      | Reached XP level 3. HP: 36/36 MP: 2/2
   843 | D:2      | Noticed Jessica
   861 | D:2      | Killed Jessica
   862 | D:2      | Reached skill level 4 in Unarmed Combat
   862 | D:2      | Reached XP level 4. HP: 28/44 MP: 3/3
  1315 | D:3      | Noticed Natasha
  1323 | D:3      | Killed Natasha
  1349 | D:3      | Found a snail-covered altar of Cheibriados.
  1455 | D:3      | Noticed Natasha
  1462 | D:3      | Killed Natasha
  1463 | D:3      | Reached XP level 5. HP: 53/53 MP: 4/4
  1522 | D:3      | Noticed Natasha
  1529 | D:3      | Reached skill level 5 in Unarmed Combat
  1546 | D:3      | Killed Natasha
  1926 | D:3      | Found a runed translucent door.
  1927 | D:3      | Noticed Crazy Yiuf
  1934 | D:3      | Killed Crazy Yiuf
  1935 | D:3      | Reached XP level 6. HP: 37/61 MP: 5/5
  2502 | D:5      | Entered Level 5 of the Dungeon
  2570 | D:4      | Reached skill level 6 in Unarmed Combat
  2579 | D:5      | Reached XP level 7. HP: 66/68 MP: 6/6
  2585 | D:5      | Found a blossoming altar of Fedhas.
  2794 | D:5      | Found an iron altar of Okawaru.
  2802 | D:5      | Found a shimmering blue altar of Sif Muna.
  2823 | D:5      | Found a broken altar of Ashenzari.
  2873 | D:5      | Noticed Edmund
  2887 | D:5      | Killed Edmund
  2964 | D:5      | Noticed a wyvern
  2971 | D:5      | Mangled by a wyvern

Illustrated notes

Levels and vault maps discovered:
D:1:      heliophobic_arrival_battle_scene, layout_basic,
          hellmonk_ecumenical_altar_inner_sanctum
D:2:      layout_loops_ring, st_stairs_11, minmay_gold_behind_fungi,
          uniq_jessica
D:3:      layout_loops_ring, chei_slow_surprise, uniq_natasha,
          uniq_crazy_yiuf_cottage
D:4:      layout_basic, hex_tiny, minmay_misc_feat_cross
D:5:      layout_loops_cross, nicolae_overflow_crystal_walls,
          grunt_temple_overflow_open, mainiacjoe_overflow_brackets,
          lemuel_flamethrower_2, uniq_edmund

Skill      XL: |  1  2  3  4  5  6  7 |
---------------+----------------------+-----
Throwing       | 1 2 3 |  3.5
Unarmed Combat | 4 5 6 |  6.7
Fighting       | 3 4 |  4.2
Dodging        | |  2.4
Stealth        | |  1.0

Action                   |  1- 3 |  4- 6 |  7- 9 || total
-------------------------+-------+-------+-------++-------
Melee: Unarmed           |    77 |   134 |    44 ||   255
       Punch             |       |     6 |     2 ||     8
 Stab: Sleeping          |     6 |     3 |       ||     9
Armor: Robe              |    20 |    40 |    11 ||    71
Dodge: Dodged            |    23 |    72 |    22 ||   117
